[Event "Late-Titled-Tuesday-Blitz-January-23-2024"]
[Site "Chess.com"]
[Date "2024.01.23"]
[Round "1"]
[White "BilodeauA"]
[Black "otrov-11"]
[Result "1-0"]
[WhiteElo "2943"]
[BlackElo "2500"]
[TimeControl "180+1"]
[EndTime "14:04:55 PST"]
[Termination "BilodeauA won by resignation"]

1. e4 e6 2. d4 d5 3. Nd2 c5 4. exd5 Qxd5 5. dxc5 Bxc5 6. Ngf3 Nf6 7. Bd3 O-O 8. Qe2 Nbd7 9. b3 a6 10.
Bb2 Qc6 11. O-O-O Be7 12. Ne4 b5 13. Nxf6+ Nxf6 14. Ne5 Qc7 15. g4 Bb7 16. g5 Nd5 17. Qh5 g6 18. Qh6 Nc3 19. Rhe1 Nxa2+ 20. Kb1 Nc3+ 21.
Bxc3 Qxc3 22. Bxg6 hxg6 23. Re3 Qc5 24. Rh3 1-0

[Event "Late-Titled-Tuesday-Blitz-January-23-2024"]
[Site "Chess.com"]
[Date "2024.01.23"]
[Round "1"]
[White "RantomOpening"]
[Black "FairChess_on_YouTube"]
[Result "0-1"]
[WhiteElo "2534"]
[BlackElo "3084"]
[TimeControl "180+1"]
[EndTime "14:04:58 PST"]
[Termination "FairChess_on_YouTube won by checkmate"]

1. e4 c5 2. c3 d5 3. exd5 Qxd5 4. Nf3 Nf6 5. Na3 e6 6. Be2 Be7 7. Nc2 O-O 8. O-O b6 9. d4 Bb7 10. dxc5 Qxc5 11. Be3 Qc7 12. Ncd4 Nd5 13. Bg5 Nc6 14. Bxe7 Ncxe7 15. Qb3 Rad8 16. Qa4 Nf4 17. Ba6 Rxd4 18. cxd4 Bxf3 19. gxf3 Nf5 20. d5 Nh4 21. Rac1 Qe5 22. Kh1 exd5 23. Rce1 Qf5 24. Qa3 Qh3 25. Rg1 Nxf3 26. Bb5 Qxh2# 0-1

[Event "Late-Titled-Tuesday-Blitz-January-23-2024"]
[Site "Chess.com"]
[Date "2024.01.23"]
[Round "1"]
[White "Bkmzzzzz"]
[Black "Ali_rastbod"]
[Result "0-1"]
[WhiteElo "2395"]
[BlackElo "2705"]
[TimeControl "180+1"]
[EndTime "14:05:01 PST"]
[Termination "Ali_rastbod won by resignation"]

1. e4 e6 2. Nf3 d5 3. exd5 exd5 4. d4 Bd6 5. c4 Nf6 6. c5 Be7 7. Bd3 O-O 8. O-O b6 9. b4 a5 10. cxb6 axb4 11. bxc7 Qxc7 12. Nbd2 Bd6 13. h3 Ba6 14.
Nb3 Ne4 15. Bxa6 Nxa6 16. Qd3 Qc4 17. Rd1 Nc3 18. Rd2 Nc7 19. Qc2 Rfe8 20. Bb2 N7b5 21. Bxc3 bxc3 22. Rd3 f6 23. Rc1 Ba3 24. Rcd1 Bb4 25. Rc1 Ba3 26. Rcd1 Bb2 27. Rb1 Na3 28. Rxc3 Bxc3 0-1

[Event "Late-Titled-Tuesday-Blitz-January-23-2024"]
[Site "Chess.com"]
[Date "2024.01.23"]
[Round "1"]
[White "Statham_01"]
[Black "UnTucopalaTimba"]
[Result "1-0"]
[WhiteElo "2548"]
[BlackElo "1944"]
[TimeControl "180+1"]
[EndTime "14:05:04 PST"]
[Termination "Statham_01 won by resignation"]

1. e4 c6 2. d4 d5 3. f3 e6 4. Nc3 Bb4 5. a3 Ba5 6. Bd3 Nd7 7. Nh3 Ngf6 8. e5 Ng8 9. O-O Bxc3 10. bxc3 b6 11. f4 Ne7 12. f5 exf5 13. Bg5 f6 14. exf6 Nxf6 15. Bxf6 gxf6 16. Qh5+ Kd7 17. Bxf5+ Nxf5 18. Rxf5 Kc7 19. Qf7+ Kb8 20. Rxf6 Rg8 21.
Nf4 a5 22. Ne6 Bxe6 23. Qxe6 Ra7 24. Qxc6 Rxg2+ 25. Kxg2 Rg7+ 26. Kh1 1-0

[Event "Late-Titled-Tuesday-Blitz-January-23-2024"]
[Site "Chess.com"]
[Date "2024.01.23"]
[Round "1"]
[White "aa175"]
[Black "Vamostodorecto"]
[Result "1-0"]
[WhiteElo "2673"]
[BlackElo "2366"]
[TimeControl "180+1"]
[EndTime "14:05:05 PST"]
[Termination "aa175 won on time"]

1. d4 Nf6 2. Bf4 c5 3. e3 Qb6 4. Nc3 cxd4 5. exd4 Nc6 6. Nf3 d5 7. Nb5 e5 8. Nxe5 a6 9. Nxf7 Kxf7 10. Bc7 Qxb5 11. Bxb5 axb5 12. O-O Bf5 13. Be5 Be7 14. c3 Ra6 15. Qb3 Bd3 16. Bxf6 Bc4 17. Qc2 Bxf6 18.
Rfe1 b4 19. b3 Bb5 20. cxb4 Nxd4 21. Qc7+ Kg6 22. Qg3+ Kf7 23. a4 1-0

[Event "Late-Titled-Tuesday-Blitz-January-23-2024"]
[Site "Chess.com"]
[Date "2024.01.23"]
[Round "1"]
[White "Rdeux42"]
[Black "Vladimir_Zakhartsov"]
[Result "0-1"]
[WhiteElo "2459"]
[BlackElo "2852"]
[TimeControl "180+1"]
[EndTime "14:05:07 PST"]
[Termination "Vladimir_Zakhartsov won by resignation"]

1. d4 Nf6 2. Nf3 d5 3. e3 c5 4. c4 cxd4 5. Nxd4 e5 6. Nf3 e4 7.
Nd4 dxc4 8. Bxc4 Bd6 9. Nb5 Bb4+ 10. Bd2 Be7 11. Bc3 Qxd1+ 12. Kxd1 Na6 13. Nd2 O-O 14.
a3 Nc5 15. b4 Nd3 16. Bxd3 exd3 17. f3 Bd7 18. Nd4 Nd5 19. Bb2 Nxe3+ 20. Ke1 Bf6 21. Kf2 Nc2 22. Rac1 Bxd4+ 0-1

[Event "Late-Titled-Tuesday-Blitz-January-23-2024"]
[Site "Chess.com"]
[Date "2024.01.23"]
[Round "1"]
[White "VitaliyChayka"]
[Black "FrenchHarvey"]
[Result "0-1"]
[WhiteElo "2443"]
[BlackElo "2792"]
[TimeControl "180+1"]
[EndTime "14:05:09 PST"]
[Termination "FrenchHarvey won by resignation"]

1. d4 Nf6 2. Bf4 d6 3. e3 g6 4. h3 Bg7 5. Nf3 O-O 6. Be2 c5 7. c3 Qb6 8. Qc1 Nc6 9. Nbd2 Be6 10. O-O Rac8 11. dxc5 Qxc5 12. Nb3 Qb6 13. Nbd4 Bd7 14. Nxc6 Bxc6 15. Nd4 Bd7 16. Bh2 Ne4 17. Rb1 Rfe8 18.
Qd1 e5 19. Nf3 Bf5 20. Bd3 d5 21. Nh4 Be6 22. Nf3 Nxf2 23. Rxf2 e4 24. Nd4 exd3 25. Qxd3 Bxd4 26. exd4 Bf5 27. Rxf5 gxf5 28. Qxf5 Qg6 29.
Qxg6+ hxg6 30. Be5 Re6 31. Rf1 Rcc6 32. g4 f6 33. Bg3 Re2 34. Rf2 Rxf2 35. Kxf2 Rb6 36. b3 Ra6 37. a4 Rb6 38. b4 Rc6 39. Bf4 Rxc3 40. Be3 Rc4 0-1

[Event "Late-Titled-Tuesday-Blitz-January-23-2024"]
[Site "Chess.com"]
[Date "2024.01.23"]
[Round "1"]
[White "jcibarra"]
[Black "ilushka"]
[Result "1-0"]
[WhiteElo "2859"]
[BlackElo "2466"]
[TimeControl "180+1"]
[EndTime "14:05:11 PST"]
[Termination "jcibarra won on time"]

1. e4 e6 2. d4 d5 3. Nc3 Nf6 4. Bg5 dxe4 5. Nxe4 Be7 6. Bxf6 gxf6 7.
Nf3 f5 8. Nc3 a6 9. Qd2 b5 10.
O-O-O Bb7 11. d5 b4 12. Bc4 bxc3 13. Qxc3 Bf6 14. Qb4 Qc8 15. dxe6 c5 16. exf7+ Kf8 17. Qd2 Kg7 18. Ng5 Rd8 19. Qxd8 1-0

[Event "Late-Titled-Tuesday-Blitz-January-23-2024"]
[Site "Chess.com"]
[Date "2024.01.23"]
[Round "1"]
[White "lucachess49"]
[Black "kleinebeer98"]
[Result "1-0"]
[WhiteElo "2516"]
[BlackElo "2865"]
[TimeControl "180+1"]
[EndTime "14:05:13 PST"]
[Termination "lucachess49 won by checkmate"]

1. d4 Nf6 2. c4 a6 3. g3 b5 4. Bg2 c6 5. Nc3 bxc4 6. e4 d5 7. e5 Nfd7 8. e6 fxe6 9. Nf3 g6 10. O-O Bg7 11. Re1 e5 12. Bh3 e4 13. Ng5 Nf8 14. f3 h6 15. Bxc8 Qxc8 16. fxe4 hxg5 17.
exd5 Qh3 18. Qe2 Bxd4+ 19. Kh1 e5 20. dxe6 Ra7 21. Bxg5 Qxg3 22. Ne4 Qc7 23. Rad1 c5 24. Rxd4 Qxh2+ 25. Qxh2 Rxh2+ 26. Kxh2 cxd4 27. Nd6# 1-0

[Event "Late-Titled-Tuesday-Blitz-January-23-2024"]
[Site "Chess.com"]
[Date "2024.01.23"]
[Round "1"]
[White "yobdc"]
[Black "MITerryble"]
[Result "0-1"]
[WhiteElo "2523"]
[BlackElo "3020"]
[TimeControl "180+1"]
[EndTime "14:05:15 PST"]
[Termination "MITerryble won by resignation"]

1. c4 e5 2. Nc3 Nc6 3. g3 g6 4. Bg2 Bg7 5. Nf3 d6 6. O-O f5 7. d3 Nge7 8. Rb1 h6 9. Bd2 Be6 10. b4 Qd7 11. b5 Nd8 12. Ne1 g5 13. Nd5 O-O 14. Nc2 Ng6 15. e3 c6 16. bxc6 bxc6 17. Nc3 Rc8 18. Ne2 f4 19. exf4 gxf4 20. Be4 Bf5 21. f3 Bxe4 22. dxe4 Qh3 23. Be1 Nf7 24. c5 Rfd8 25. Qd3 dxc5 26. Qc4 Rd7 27. Bf2 Kh7 28.
Rbd1 Ng5 29. Qc3 Nh4 30. gxh4 Nxf3+ 31. Qxf3 Qxf3 32. Rxd7 Qg4+ 33. Kh1 Qxd7 34. Ne1 Qd2 35. Ng1 Qxa2 36. Nef3 c4 0-1

[Event "Late-Titled-Tuesday-Blitz-January-23-2024"]
[Site "Chess.com"]
[Date "2024.01.23"]
[Round "1"]
[White "Fradi82"]
[Black "arenal72"]
[Result "0-1"]
[WhiteElo "2182"]
[BlackElo "2569"]
[TimeControl "180+1"]
[EndTime "14:05:15 PST"]
[Termination "arenal72 won by resignation"]

1. e4 Nc6 2. Nf3 d6 3. d4 Nf6 4.
Bd3 g6 5. c3 Bg7 6. h3 O-O 7.
Nbd2 e5 8. d5 Ne7 9. Nf1 c6 10.
c4 cxd5 11. cxd5 Nexd5 12. exd5 e4 13. Bxe4 Nxe4 14. Ne3 Qa5+ 15. Bd2 Nxd2 16. Qxd2 Qxd2+ 17. Kxd2 Bxb2 18. Rab1 Ba3 19. h4 h5 20. Ng5 b6 21.
f3 Bc5 22. g4 Bxe3+ 23. Kxe3 hxg4 24. h5 gxf3 25. Rh2 f6 26. Ne4 Bf5 27. Kxf3 Rae8 28. Re1 Bxe4+ 29. Rxe4 Rxe4 30. Kxe4 Kg7 31. hxg6 Re8+ 32.
Kd4 Kxg6 33. Rg2+ Kf7 34. Rh2 Rg8 35. Re2 Rg4+ 36. Kc3 f5 37. Re6 Rg6 38. Re3 f4 39.
Rf3 Rg3 40. Rxg3 fxg3 41. Kd3 g2 0-1

[Event "Late-Titled-Tuesday-Blitz-January-23-2024"]
[Site "Chess.com"]
[Date "2024.01.23"]
[Round "1"]
[White "Defend1r"]
[Black "dsanchez1973"]
[Result "1-0"]
[WhiteElo "2564"]
[BlackElo "2162"]
[TimeControl "180+1"]
[EndTime "14:05:15 PST"]
[Termination "Defend1r won by resignation"]

1. c4 e5 2. g3 Nf6 3. Bg2 d5 4. cxd5 Nxd5 5. Nc3 Nb6 6. Nf3 Nc6 7. O-O Be7 8. d3 g5 9. Be3 g4 10. Nd2 h5 11.
Nc4 Be6 12. Qc2 Nd5 13. Nxd5 Bxd5 14. f3 h4 15. fxg4 hxg3 16. hxg3 Bxg2 17. Kxg2 Qd5+ 18. Rf3 O-O-O 19. Nd2 Rdg8 20. Ne4 Rxg4 21. Rc1 Kb8 22. Qc4 Qxc4 23. Rxc4 f6 24. Nxf6 Bxf6 25. Rxg4 1-0

[Event "Late-Titled-Tuesday-Blitz-January-23-2024"]
[Site "Chess.com"]
[Date "2024.01.23"]
[Round "1"]
[White "messiboca"]
[Black "Machteldvf"]
[Result "1-0"]
[WhiteElo "2768"]
[BlackElo "2432"]
[TimeControl "180+1"]
[EndTime "14:05:19 PST"]
[Termination "messiboca won by checkmate"]

1. c4 Nf6 2. Nc3 g6 3. e4 d6 4. g3 Bg7 5. Bg2 O-O 6. Nge2 c5 7. d3 Nc6 8. O-O h5 9. h3 Kh7 10. Be3 a6 11. f4 Ng8 12. f5 Nd4 13. Nf4 e5 14. Nxh5 gxh5 15. Qxh5+ Bh6 16. g4 f6 17.
Bxh6 Nxh6 18. Qg6+ Kh8 19. Qxh6+ Kg8 20. g5 fxg5 21. f6 Ne6 22. Qg6+ Kh8 23. f7 Qe7 24. Qh6# 1-0

[Event "Late-Titled-Tuesday-Blitz-January-23-2024"]
[Site "Chess.com"]
[Date "2024.01.23"]
[Round "1"]
[White "Sanan_Sjugirov"]
[Black "Practical-Play"]
[Result "1-0"]
[WhiteElo "3014"]
[BlackElo "2518"]
[TimeControl "180+1"]
[EndTime "14:05:24 PST"]
[Termination "Sanan_Sjugirov won by resignation"]

1. Nf3 c5 2. g3 Nc6 3. Bg2 e5 4. c4 d6 5. Nc3 f5 6. d3 g6 7.
Bg5 Nf6 8. Bxf6 Qxf6 9. Nd5 Qd8 10. O-O Bg7 11. Nd2 O-O 12. Rb1 a5 13. a3 a4 14. Nc3 f4 15. Nxa4 Nd4 16. Nc3 Bg4 17. Nf3 fxg3 18. hxg3 Bxf3 19. Bxf3 Rxf3 20. exf3 Qg5 21.
Ne4 Qh5 22. Kg2 Rf8 23. f4 Qf5 24. fxe5 Nf3 25. Nf6+ Bxf6 26. Qxf3 1-0

[Event "Late-Titled-Tuesday-Blitz-January-23-2024"]
[Site "Chess.com"]
[Date "2024.01.23"]
[Round "1"]
[White "Mazetovic"]
[Black "ClayK1ng"]
[Result "1-0"]
[WhiteElo "2593"]
[BlackElo "2256"]
[TimeControl "180+1"]
[EndTime "14:05:28 PST"]
[Termination "Mazetovic won by resignation"]

1. e4 c5 2. Nf3 d6 3. Bb5+ Bd7 4. Bxd7+ Qxd7 5. O-O Nc6 6. Re1 g6 7. c3 Bg7 8. d4 cxd4 9. cxd4 e6 10. Nc3 Nge7 11.
d5 Ne5 12. Nd4 exd5 13. exd5 O-O 14. Bg5 Nf5 15. Nxf5 Qxf5 16. Be7 Rfe8 17. Bxd6 Nd3 18. Rxe8+ Rxe8 19. Qf3 Qxf3 20. gxf3 Nxb2 21. Nb5 a6 22. Nc7 Rd8 23. Be7 Rd7 24. d6 Bf8 25. Nd5 Rxd6 26.
Bxd6 Bxd6 27. Rb1 Be5 28. f4 Bd4 29. Kg2 b5 30. Nc7 b4 31. Nxa6 Bc3 32. Nxb4 1-0

[Event "Late-Titled-Tuesday-Blitz-January-23-2024"]
[Site "Chess.com"]
[Date "2024.01.23"]
[Round "1"]
[White "chessisveryfun1264"]
[Black "Jem"]
[Result "1-0"]
[WhiteElo "2561"]
[BlackElo "2151"]
[TimeControl "180+1"]
[EndTime "14:05:34 PST"]
[Termination "chessisveryfun1264 won by checkmate"]

1. Nf3 Nf6 2. g3 g6 3. Bg2 Bg7 4. O-O O-O 5. c4 d6 6. d4 Nc6 7. Nc3 e5 8. dxe5 dxe5 9. Bg5 Qxd1 10. Rfxd1 Be6 11. Nd5 Bxd5 12. cxd5 Nb4 13. Nxe5 Nfxd5 14. Nd7 Bxb2 15. Rab1 Nc3 16. Rxb2 Nxd1 17. Rxb4 a5 18. Rxb7 Rfc8 19. Rb3 Ra7 20. Bd5 c5 21. Ne5 a4 22. Rf3 Rcc7 23. Bd2 Nb2 24. Bc3 Nd1 25. Ba1 c4 26. Nxc4 Rd7 27. e4 Rac7 28. Ne5 Re7 29. Nxf7 Rxf7 30. Bd4 a3 31. Kf1 Nb2 32. Rxa3 Nc4 33.
Ra8+ Rc8 34. Rxc8# 1-0

[Event "Late-Titled-Tuesday-Blitz-January-23-2024"]
[Site "Chess.com"]
[Date "2024.01.23"]
[Round "1"]
[White "chegueps"]
[Black "ItalianMachine"]
[Result "1-0"]
[WhiteElo "2676"]
[BlackElo "2370"]
[TimeControl "180+1"]
[EndTime "14:05:35 PST"]
[Termination "chegueps won by checkmate"]

1. d4 Nf6 2. Nf3 g6 3. Nc3 Bg7 4. Bf4 d6 5. Qd2 O-O 6. Bh6 c5 7. h4 cxd4 8. Nxd4 Nc6 9. Nxc6 bxc6 10. h5 Bxh6 11. Qxh6 Nxh5 12. O-O-O Qa5 13. e4 Rb8 14. Be2 Nf6 15. a3 Qb6 16. b3 Be6 17. e5 dxe5 18.
Ne4 Rfd8 19. Rxd8+ Rxd8 20. Ng5 Qd4 21. Kb1 Bxb3 22. cxb3 Qc3 23. Bc4 Rd2 24. Bxf7+ Kh8 25. Qxh7+ Nxh7 26. Rxh7# 1-0

[Event "Late-Titled-Tuesday-Blitz-January-23-2024"]
[Site "Chess.com"]
[Date "2024.01.23"]
[Round "1"]
[White "Smile2005"]
[Black "SchmakAttack"]
[Result "1-0"]
[WhiteElo "2438"]
[BlackElo "2727"]
[TimeControl "180+1"]
[EndTime "14:05:36 PST"]
[Termination "Smile2005 won by resignation"]

1. e4 Nf6 2. Nc3 e5 3. Nf3 Nc6 4. Bb5 Bb4 5. O-O O-O 6. Bxc6 dxc6 7. d3 Bd6 8. Ne2 Nd7 9. Ng3 Re8 10. h3 Nc5 11. Nh2 Ne6 12. Nf5 Bf8 13. f4 g6 14.
fxe5 gxf5 15. exf5 Nd4 16. Qg4+ Kh8 17. Bg5 Ne2+ 18.
Kh1 Be7 19. Bxe7 Qxe7 20. Qxe2 Qxe5 21. Qf3 Qxb2 22. Rae1 Bd7 23. Ng4 Qc3 24. Rxe8+ Rxe8 25. Qg3 Qxc2 26. Nh6 1-0

[Event "Late-Titled-Tuesday-Blitz-January-23-2024"]
[Site "Chess.com"]
[Date "2024.01.23"]
[Round "1"]
[White "jerry_77"]
[Black "Chemim21"]
[Result "1-0"]
[WhiteElo "2584"]
[BlackElo "2229"]
[TimeControl "180+1"]
[EndTime "14:05:37 PST"]
[Termination "jerry_77 won by resignation"]

1. e4 e6 2. d4 d5 3. Nc3 Bb4 4. exd5 exd5 5. Bd3 c5 6. dxc5 Be6 7. Be3 Nd7 8. Bb5 Nf6 9. Ne2 O-O 10. Bxd7 Qxd7 11. O-O Rac8 12. a3 Bxc5 13. Bxc5 Rxc5 14. Nd4 Rfc8 15. Re1 Rc4 16. Nce2 Ne4 17. c3 h6 18. f3 Nf6 19. Nf4 Re8 20. Qd2 Rcc8 21. Re3 Bf5 22. Rae1 Rxe3 23. Rxe3 Bh7 24. Qe2 Qd6 25. g3 Qd7 26.
Re7 Qa4 27. Rxb7 Re8 28. Re7 Rxe7 29. Qxe7 Qd1+ 30. Kf2 Bb1 31. Qe1 Qa4 32. Qxb1 1-0

[Event "Late-Titled-Tuesday-Blitz-January-23-2024"]
[Site "Chess.com"]
[Date "2024.01.23"]
[Round "1"]
[White "DeArron_Fox"]
[Black "DavidGavrilescu18"]
[Result "0-1"]
[WhiteElo "2445"]
[BlackElo "2803"]
[TimeControl "180+1"]
[EndTime "14:05:41 PST"]
[Termination "DavidGavrilescu18 won on time"]

1. d4 d5 2. c4 e6 3. Nc3 a6 4.
cxd5 exd5 5. Bf4 Nf6 6. e3 c5 7. Nf3 c4 8. g3 Bb4 9. Bg2 Ne4 10. Qc2 Nc6 11. O-O Bxc3 12. bxc3 g5 13. Nxg5 Nxg5 14. Bxg5 Qxg5 15. e4 dxe4 16. Qxe4+ Kf8 17. Rae1 Kg7 18. h4 Qf6 19. Qd5 Be6 20. Qc5 Ne7 21.
Re4 Rac8 22. Qa5 Nd5 23. Re5 b6 24. Qxa6 Ne7 25. Qxb6 Ng6 26. Rg5 h6 27. Rc5 Rxc5 28. Qxc5 Rc8 29. Qb4 Qf5 30. Re1 Qc2 31. Be4 Qd2 32.
Rf1 Qe2 33. Qb1 Qg4 0-1

[Event "Late-Titled-Tuesday-Blitz-January-23-2024"]
[Site "Chess.com"]
[Date "2024.01.23"]
[Round "1"]
[White "PNEPaul"]
[Black "YoreDea"]
[Result "0-1"]
[WhiteElo "1901"]
[BlackElo "2547"]
[TimeControl "180+1"]
[EndTime "14:05:41 PST"]
[Termination "YoreDea won by checkmate"]

1. e4 e6 2. d4 d5 3. e5 c5 4. Qg4 Nc6 5. Nf3 h5 6. Qg3 cxd4 7. Bd3 h4 8. Qg4 Nh6 9. Bxh6 Rxh6 10. O-O h3 11. g3 Qc7 12. Re1 Bd7 13. c3 dxc3 14. Nxc3 O-O-O 15. Rac1 Kb8 16. a3 Qb6 17. b4 Ne7 18. Ng5 Be8 19. Nxh3 g6 20.
Ng5 Nf5 21. Bxf5 gxf5 22. Qe2 Rg6 23. Nf3 f4 24. Nh4 Rg8 25. Kg2 d4 26. Ne4 d3 27.
Qd2 Bc6 28. f3 Be7 29. Qxf4 d2 30. Nxd2 Bxh4 31. Qxh4 Rxd2+ 32. Kh1 Bxf3# 0-1

[Event "Late-Titled-Tuesday-Blitz-January-23-2024"]
[Site "Chess.com"]
[Date "2024.01.23"]
[Round "1"]
[White "ccccvhhhj"]
[Black "shimastream"]
[Result "0-1"]
[WhiteElo "2517"]
[BlackElo "3014"]
[TimeControl "180+1"]
[EndTime "14:05:42 PST"]
[Termination "shimastream won by resignation"]

1. e4 e5 2. Nf3 Qe7 3. Nc3 c6 4. a4 d6 5. Bc4 Nf6 6. d3 h6 7. h3 Nbd7 8. a5 g6 9. Be3 Bg7 10. Qd2 Nf8 11. d4 exd4 12. Nxd4 N8d7 13. f3 Ne5 14. Bb3 g5 15. O-O Nh5 16. Rad1 O-O 17. Nf5 Bxf5 18. exf5 Ng3 19. Rfe1 Nxf5 20. Bf2 Qc7 21.
Ne4 d5 22. Nc5 Ng6 23. c3 Rfe8 24. Bc2 Nfh4 25. a6 b6 26. Nd3 c5 27. Rxe8+ Rxe8 28. Re1 Rd8 29. Be3 d4 30. Bf2 dxc3 31. bxc3 c4 0-1

[Event "Late-Titled-Tuesday-Blitz-January-23-2024"]
[Site "Chess.com"]
[Date "2024.01.23"]
[Round "1"]
[White "ural58"]
[Black "MikaelyanArman"]
[Result "0-1"]
[WhiteElo "2456"]
[BlackElo "2843"]
[TimeControl "180+1"]
[EndTime "14:05:42 PST"]
[Termination "MikaelyanArman won by resignation"]

1. e4 c5 2. b3 b6 3. d4 cxd4 4. Qxd4 Nc6 5. Qd2 Bb7 6. Bb2 e6 7. Nc3 Nf6 8. O-O-O Bb4 9. f3 Qe7 10. Qg5 Ba3 11. e5 Bxb2+ 12. Kxb2 Nd5 13. Qxg7 O-O-O 14. Nxd5 exd5 15. f4 Qb4 16. Qg3 Rhg8 17. Qf2 d6 18. a3 Qa5 19. Nf3 dxe5 20. Nxe5 Nxe5 21. fxe5 d4 22. Qf5+ Kb8 23. b4 Qd5 24. Rg1 Rge8 25. Bd3 Rxe5 26. Qxh7 Qc6 27. Qxf7 Qc3+ 28. Ka2 Bd5+ 0-1

[Event "Late-Titled-Tuesday-Blitz-January-23-2024"]
[Site "Chess.com"]
[Date "2024.01.23"]
[Round "1"]
[White "Sl4werThanYou"]
[Black "Nick12772"]
[Result "1/2-1/2"]
[WhiteElo "2634"]
[BlackElo "2343"]
[TimeControl "180+1"]
[EndTime "14:05:45 PST"]
[Termination "Game drawn by agreement"]

1. e4 e6 2. d4 d5 3. e5 c5 4.
Nf3 cxd4 5. Bd3 Qb6 6. O-O Bd7 7. Re1 Bb5 8. Bxb5+ Qxb5 9. Nxd4 Qb6 10. Be3 Qd8 11.
c4 dxc4 12. Nc3 Nc6 13. Qa4 Qa5 14. Qxc4 Nxd4 15. Bxd4 Ne7 16. Nb5 Nd5 17. Rac1 Bb4 18. Red1 O-O 19. a3 Be7 20. g3 a6 21. Nc3 Nxc3 22.
Bxc3 Qb6 23. Rd7 Bc5 24. Qf4 Rac8 25. Rcd1 Bxa3 26. h4 Bxb2 27. Bxb2 Qxb2 28. h5 h6 29. Qe4 Rc1 30. Rxc1 Qxc1+ 31. Kg2 Qc6 32. Qxc6 bxc6 33. Ra7 Rc8 34. Rxa6 c5 35. Kf3 c4 36. Ke2 c3 37.
Kd1 Rc4 38. Kc2 Re4 39. f4 Re3 40. g4 Rg3 41. f5 Rxg4 42. fxe6 fxe6 43. Rxe6 Rg5 1/2-1/2

[Event "Late-Titled-Tuesday-Blitz-January-23-2024"]
[Site "Chess.com"]
[Date "2024.01.23"]
[Round "1"]
[White "AntonSmirnov"]
[Black "username0932589"]
[Result "1-0"]
[WhiteElo "2982"]
[BlackElo "2508"]
[TimeControl "180+1"]
[EndTime "14:05:48 PST"]
[Termination "AntonSmirnov won by resignation"]

1. e4 e5 2. Nf3 Nc6 3. Bb5 Nf6 4.
O-O Nxe4 5. d4 Nd6 6. Bxc6 dxc6 7. dxe5 Nf5 8. Qxd8+ Kxd8 9. Rd1+ Ke8 10. Nc3 Be7 11. Ne2 h5 12. h3 h4 13. Bg5 Be6 14. Nf4 Rd8 15. Rxd8+ Kxd8 16. Rd1+ Ke8 17. b3 Bc8 18. Bxe7 Kxe7 19. Ng5 Rh6 20. Kh2 a5 21. a3 b6 22.
Rd2 Rh8 23. e6 f6 24. Ng6+ Ke8 25. Nxh8 fxg5 26. Nf7 Bxe6 27. Nxg5 Bd5 28. Re2+ Kd7 29. Nf3 Bxf3 30. gxf3 Kd6 31. Re4 g5 32. Rg4 c5 33. c3 b5 34. Rxg5 Ke5 35. Kg2 a4 36.
bxa4 bxa4 37. Kf1 Kf4 38. Rg4+ Kxf3 39. Rxa4 Nd6 40. Rxh4 Ne4 41. Rxe4 Kxe4 42. Ke2 1-0

[Event "Late-Titled-Tuesday-Blitz-January-23-2024"]
[Site "Chess.com"]
[Date "2024.01.23"]
[Round "1"]
[White "ChessFighter1975"]
[Black "NovakCabarkapa"]
[Result "0-1"]
[WhiteElo "2450"]
[BlackElo "2818"]
[TimeControl "180+1"]
[EndTime "14:05:48 PST"]
[Termination "NovakCabarkapa won on time"]

1. d4 Nc6 2. d5 Ne5 3. f4 Ng6 4. e4 e5 5. dxe6 fxe6 6. Nf3 Bc5 7. Bd3 Nf6 8. Qe2 O-O 9. e5 Nd5 10. g3 d6 11. Ng5 dxe5 12. Qh5 Nf6 13. Qe2 exf4 14.
gxf4 e5 15. Nc3 Bg4 16. Qg2 exf4 17. Nce4 Re8 18. Bd2 Nh4 19. Bc4+ Kf8 20. Nxh7+ Nxh7 21. Qxg4 Rxe4+ 22. Kd1 Rxc4 23. Rf1 Be3 0-1

[Event "Late-Titled-Tuesday-Blitz-January-23-2024"]
[Site "Chess.com"]
[Date "2024.01.23"]
[Round "1"]
[White "CM_rui"]
[Black "kai_nov"]
[Result "1-0"]
[WhiteElo "2604"]
[BlackElo "2293"]
[TimeControl "180+1"]
[EndTime "14:05:48 PST"]
[Termination "CM_rui won on time"]

1. e4 c5 2. Nf3 Nc6 3. c3 Nf6 4.
e5 Nd5 5. d4 cxd4 6. cxd4 d6 7. Bc4 dxe5 8. dxe5 Ndb4 9. Qb3 e6 10.
Bg5 Qb6 11. Nc3 Na5 12. Bb5+ Nbc6 13. Qc2 a6 14. Ba4 Bc5 15. O-O O-O 16. Ne4 Bd4 17.
Nf6+ gxf6 18. Bxf6 Nxe5 19. Nxe5 Bxe5 20. Bxe5 f6 21.
Bc3 Nc6 22. Qe4 Bd7 23. Bc2 Rf7 24. Bxf6 1-0

[Event "Late-Titled-Tuesday-Blitz-January-23-2024"]
[Site "Chess.com"]
[Date "2024.01.23"]
[Round "1"]
[White "campochess"]
[Black "Chessdreamer2020"]
[Result "0-1"]
[WhiteElo "2091"]
[BlackElo "2554"]
[TimeControl "180+1"]
[EndTime "14:05:49 PST"]
[Termination "Chessdreamer2020 won by resignation"]

1. d4 d6 2. e4 Nf6 3. Nc3 c6 4. f3 d5 5. Bg5 h6 6. Bxf6 exf6 7.
exd5 cxd5 8. a3 Nc6 9. Bb5 Be7 10.
Nge2 O-O 11. O-O a6 12. Bd3 Bd6 13. Qe1 Be6 14. Qh4 Qc7 15. Rae1 Rfe8 16. Ng3 Ne7 17. Re2 Qb6 18. b4 a5 19. Na4 Qc7 20. Nc5 Bd7 21.
Rfe1 axb4 22. axb4 b6 23. Nxd7 Qxd7 24. Nh5 Ng6 25.
Rxe8+ Rxe8 26. Rxe8+ Qxe8 27. Qf2 Bxb4 28. Bxg6 fxg6 29. Nf4 Bc3 30. Kf1 Qb5+ 31. Qe2 Qb1+ 32. Kf2 Bxd4+ 33. Kg3 Be5 34. Kg4 h5+ 35. Nxh5 gxh5+ 36. Kxh5 Qc1 37. h4 Qh6+ 38. Kg4 Qg6+ 0-1

[Event "Late-Titled-Tuesday-Blitz-January-23-2024"]
[Site "Chess.com"]
[Date "2024.01.23"]
[Round "1"]
[White "Truequitos"]
[Black "sergiochess83"]
[Result "1-0"]
[WhiteElo "2502"]
[BlackElo "2888"]
[TimeControl "180+1"]
[EndTime "14:05:51 PST"]
[Termination "Truequitos won by resignation"]

1. Nf3 d5 2. g3 c5 3. Bg2 f6 4. d4 cxd4 5. Nxd4 e5 6. Nb3 Be6 7. O-O Nc6 8. Nc3 d4 9. Ne4 Qb6 10. c3 dxc3 11. Be3 Qd8 12. Qc2 Nb4 13. Qxc3 Nd5 14.
Qd3 Nxe3 15. Qxe3 Nh6 16. Rfd1 Qb6 17. Nec5 Nf5 18. Qc3 Rc8 19. Na4 Rxc3 20. Nxb6 Rxb3 21. axb3 axb6 22. Ra8+ Kf7 23. Bxb7 Nd6 24. Bd5 g5 25. Rd8 Bxd5 26. Rxd5 Ke6 27. R5xd6+ 1-0

[Event "Late-Titled-Tuesday-Blitz-January-23-2024"]
[Site "Chess.com"]
[Date "2024.01.23"]
[Round "1"]
[White "GMHess"]
[Black "m_ezat"]
[Result "1-0"]
[WhiteElo "2809"]
[BlackElo "2450"]
[TimeControl "180+1"]
[EndTime "14:05:51 PST"]
[Termination "GMHess won by resignation"]

1. b3 d6 2. Bb2 Nf6 3. h3 e5 4. e3 g6 5. Ne2 Bg7 6. d3 O-O 7. Nd2 Nc6 8. g4 a5 9. a3 d5 10.
Bg2 Re8 11. Ng3 Be6 12. Qe2 Rb8 13. Nf3 Nd7 14. e4 Nc5 15. O-O b5 16. Rae1 Qd7 17. Ng5 Nd4 18. Qd1 dxe4 19. Nxe6 Ncxe6 20. Rxe4 c5 21. Rfe1 Rbc8 22. c3 Nc6 23. c4 Ncd4 24. Ne2 Nxe2+ 25.
R4xe2 Nf4 26. Re3 Rcd8 27. Bxe5 Nxd3 28. Bxg7 Nxe1 29. Qxd7 Rxd7 30. Rxe8+ Kxg7 31. Rxe1 a4 32. bxa4 bxa4 33. Bc6 Rd3 34. Re3 Rd4 35. Rc3 Kf6 36. Bxa4 Ke5 37. Bc6 Kf4 38. Rf3+ Kg5 39. Bd5 f5 40. gxf5 gxf5 41. Kg2 f4 42. a4 Rd2 43. Ra3 1-0